 Dungeon Crawl Stone Soup version 0.21-a0-184-g9126a74 (webtiles) character file.

39 Lavandula the Charlatan (level 3, 0/26 HPs)
             Began as a Formicid Artificer on Aug 11, 2017.
             Succumbed to a worker ant's poison
             ... on level 4 of the Dungeon.
             The game lasted 00:02:31 (483 turns).

Lavandula the Charlatan (Formicid Artificer)         Turns: 483, Time: 00:02:32

Health: 0/26       AC:  3    Str: 16    XL:     3   Next: 67%
Magic:  5/5        EV: 12    Int: 10    God:
Gold:   35         SH:  0    Dex: 12    Spells: 2/2 levels left

rFire    . . .     SeeInvis +   a - +0 short sword
rCold    . . .     Gourm    .   (no shield)
rNeg     . . .     Faith    .   b - +0 leather armour
rPois    .         Spirit   .   (helmet unavailable)
rElec    .         Reflect  .   (no cloak)
rCorr    .         Harm     .   (no gloves)
MR       .....                  (no boots)
Stlth    +.........             (no amulet)
HPRegen  0.08/turn              (no ring)
MPRegen  0.09/turn              (no ring)

@: lethally poisoned (0 -> -4)
A: permanent stasis, dig shafts and tunnels, four strong arms, antennae 3
a: Dig, Shaft Self


You were on level 4 of the Dungeon.
You were not hungry.

You visited 1 branch of the dungeon, and saw 4 of its levels.

You collected 35 gold pieces.

Inventory:

Hand Weapons
 a - a +0 short sword (weapon)
Armour
 b - a +0 leather armour (worn)
Wands
 c - a wand of flame (11/48)
 d - a wand of enslavement (14/24)
 e - a wand of random effects (13/48)
Scrolls
 h - a scroll of fear {unknown}
 i - a scroll of teleportation {unknown}
 j - a scroll of magic mapping {unknown}
 k - a scroll of enchant weapon {unknown}
Comestibles
 f - a bread ration
 g - a meat ration


   Skills:
 + Level 1.2 Fighting
 - Level 3.0 Short Blades
 - Level 1.9 Dodging
 - Level 1.2 Stealth
 - Level 3.4 Evocations


You had 2 spell levels left.
You didn't know any spells.

Dungeon Overview and Level Annotations

Branches:
Dungeon (4/15)
 Temple: D:4-7

Altars:


Innate Abilities, Weirdness & Mutations

You cannot be hasted, slowed, berserked, paralysed or teleported.
You can dig through walls and to a lower floor.
Your four strong arms can wield two-handed weapons with a shield.
You have a pair of large antennae on your head. (SInv)


Message History

Aim: a worker ant (heavily wounded, chance to defeat MR: 64%)
The worker ant is charmed.
This wand has 14 charges left.
* * * LOW HITPOINT WARNING * * *
You feel sick. As you open the door, it creaks loudly!
A bullfrog skeleton comes into view.
* * * LOW HITPOINT WARNING * * *
You feel sick.
You swap places.
What are your orders? t - Shout!
Orders for allies: a - Attack new target. p - Attack previous target. r - Retreat! s - Stop attacking. g - Guard the area. f - Follow me.
Anything else - Cancel.
Gang up on whom?
Press: ? - help, Dir - move target cursor, f - bullfrog skeleton, p - worker ant
Aim: a bullfrog skeleton Attack!
You die...

.... ...#
#..# #..#
{#Z. ##a##
##...##
##.....##
##...@...##
#.........#
+.........+
#.<.......#
##.......##
##.....##
##...##
##+##


You could see a bullfrog skeleton and a friendly worker ant.

Vanquished Creatures
  Jessica (D:2)
  A worm (D:2)
  A giant cockroach (D:2)
  4 goblins
  A bat (D:1)
  A frilled lizard (D:2)
  A rat (D:1)
10 creatures vanquished.

Notes
Turn   | Place    | Note
-------+----------+-------------------------------------------
     0 | D:1      | Lavandula the Formicid Artificer began the quest for the Orb.
     0 | D:1      | Reached XP level 1. HP: 15/15 MP: 3/3
   103 | D:2      | Noticed Jessica
   105 | D:2      | Killed Jessica
   105 | D:2      | Reached XP level 2. HP: 21/21 MP: 4/4
   105 | D:2      | Reached XP level 3. HP: 26/26 MP: 5/5
   480 | D:4      | HP: 1/26 [poisoned by a worker ant]
   483 | D:4      | Succumbed to a worker ant's poison

Vault maps used:
D:1:      dpeg_arrival_rooms_c, grunt_decor_arrowhead
D:2:      lemuel_coloured_pillars_altar, first_bread, hangedman_glass_teeth,
          uniq_natasha, uniq_jessica, uniq_sigmund
D:3:      minmay_divided_ellipse
D:4:      nicolae_underground_beach

Skill      XL: |  1  2  3 |
---------------+----------+-----
Short Blades   | 2 3 |  3.0
Fighting       | |  1.2
Dodging        | |  1.9
Stealth        | |  1.2
Evocations     | |  3.4

Action                   || total
-------------------------++-------
Melee: Short sword       ||    38
Evoke: Wand              ||     7
 Stab: Sleeping          ||     1
Armor: Leather armour    ||     5
Dodge: Dodged            ||    29
